 Dungeon Crawl Stone Soup version 0.28.0 (webtiles) character file.

Game seed: 16865357271691321801

167 dolemite99 the Chopper (level 5, -9/37 (41) HPs)
             Began as a Demonspawn Gladiator on Feb 14, 2022.
             Mangled by a wight (12 damage)
             ... on level 3 of the Dungeon.
             The game lasted 00:03:29 (4099 turns).

dolemite99 the Chopper (Demonspawn Gladiator)       Turns: 4099, Time: 00:03:29

HP:   -9/37 (41)    AC: 10    Str: 19    XL:     5   Next: 23%
MP:   5/5           EV:  8    Int:  9    God:
Gold: 109           SH:  4    Dex: 16    Spells: 4/4 levels left

rFire   . . .      SeeInvis .   a - +0 war axe (venom)
rCold   . . .      Faith    .   (no shield)
rNeg    . . .      Spirit   .   f - +0 chain mail
rPois   .          Reflect  .   c - +1 helmet
rElec   .          Harm     .   (no cloak)
rCorr   .          Rampage  .   (no gloves)
Will    .....                   (no boots)
Stlth   ..........              (no amulet)
HPRegen 0.12/turn               (no ring)
MPRegen 0.18/turn               (no ring)

@: drained
A: thin skeletal structure 1, magic regeneration, large bone plates 1, robust 1,
strong 1
a: no special abilities


You were on level 3 of the Dungeon.
You visited 1 branch of the dungeon, and saw 4 of its levels.

You collected 109 gold pieces.

Inventory:

Hand Weapons
 a - a +0 war axe of venom (weapon)
Missiles
 d - 3 throwing nets (quivered)
 l - 22 arrows
 q - 59 stones
 r - 4 poisoned darts
Armour
 b - a +0 leather armour
 c - a +1 helmet (worn)
 f - a +0 chain mail (worn)
Jewellery
 t - a ring of wizardry
Scrolls
 g - 2 scrolls of identify {@r1}
 h - a scroll of enchant weapon {unknown}
 o - a scroll of fear {unknown}
 p - a scroll of immolation {unknown}
Potions
 e - a potion of curing
 m - a potion of degeneration
 s - a potion of heal wounds {unknown}


   Skills:
 - Level 2.0 Fighting
 + Level 5.4 Axes
 - Level 1.7 Throwing
 - Level 2.6 Dodging


You had 4 spell levels left.
You didn't know any spells.
Your spell library was empty.

Dungeon Overview and Level Annotations

Branches:
Dungeon (4/15)
 Temple: D:4-7

Altars:
Dithmenos
Nemelex Xobeh

Shops:
D:2 =

Annotations:
D:3 Grinder


Innate Abilities, Weirdness & Mutations

You have a somewhat thin skeletal structure. (Dex +2, Stealth+)
You regenerate magic rapidly.
You are partially covered in large bone plates. (SH +4)
You are robust. (+10% HP)
Your muscles are strong. (Str +2)


Message History

You climb upwards.
Level annotation: Grinder
There is a stone staircase leading down here.
You start resting.
HP restored.
You start waiting.
Done waiting.
You start waiting.
Done waiting.
You climb downwards.
You hear the sound of rushing water.
There is an entrance to a sewer on this level.
Hurry and find it before the portal rusts away!
You hear the brisk rusting of a very distant drain.
The wight hits you with a +6 dire flail of freezing!
The wight freezes you.
There is a stone staircase leading up, spattered with blood here.
The wight hits you with a +6 dire flail of freezing!
You feel drained. The wight freezes you.
The wight hits you with a +3 morningstar.
You climb upwards.
Level annotation: Grinder
There is a stone staircase leading down here.
You barely miss the wight.
The wight hits you with a +6 dire flail of freezing.
* * * LOW HITPOINT WARNING * * *
You feel drained. The wight freezes you.
* * * LOW HITPOINT WARNING * * *
You closely miss the wight. The wight hits you but does no damage.
The wight hits you with a +6 dire flail of freezing.
* * * LOW HITPOINT WARNING * * *
You feel drained.
* * * LOW HITPOINT WARNING * * *
The wight freezes you.
* * * LOW HITPOINT WARNING * * *
As you read the scroll of fog, it crumbles to dust.
The scroll dissolves into smoke.
You block the wight's attack. The wight closely misses you.
Found a scroll labelled USTUIV GEYLO.
The wight hits you with a +6 dire flail of freezing!
You die...

## ### .. ...
.# ?.#
######.# ...#
#.§§§#§##...#.
#§§§§§......
#§§z§..####
#§##@#.#
#....# #
#.####.##
#........
#.###.#####.#
#............
#####.######.
#........
#..####..


You could see a wight.

Vanquished Creatures
  A wight (D:4)
  4 gnolls
  3 adders (D:2)
  2 dart slugs
  4 ball pythons
  6 bats (D:1)
  5 endoplasms
  2 giant cockroaches
  4 goblins
  A hobgoblin (D:1)
  7 jackals (D:1)
  3 quokkas
  6 frilled lizards
  3 kobolds
  2 rats
53 creatures vanquished.

Notes
Turn   | Place    | Note
-------+----------+-------------------------------------------
     0 | D:1      | dolemite99 the Demonspawn Gladiator began the quest for the
                  | Orb.
     0 | D:1      | Reached XP level 1. HP: 16/16 MP: 1/1
    50 | D:1      | Reached skill level 3 in Axes
    89 | D:1      | Gained mutation: You regenerate magic rapidly. [demonic
                  | ancestry]
    89 | D:1      | Reached XP level 2. HP: 22/22 MP: 2/2
   372 | D:1      | Reached XP level 3. HP: 27/27 MP: 3/3
   799 | D:1      | Reached skill level 4 in Axes
  1435 | D:2      | Found a faded altar of an unknown god.
  1497 | D:2      | Found Seqenineops's Jewellery Shoppe.
  1661 | D:2      | Gained mutation: You have a somewhat thin skeletal
                  | structure. (Dex +2, Stealth+) [demonic ancestry]
  1661 | D:2      | Reached XP level 4. HP: 32/33 MP: 4/4
  2638 | D:3      | HP: 2/49 [gnoll (2)]
  2642 | D:3      | Gained mutation: Your muscles are strong. (Str +2) [potion
                  | of mutation]
  2642 | D:3      | Gained mutation: You are robust. (+10% HP) [potion of
                  | mutation]
  2642 | D:3      | Gained mutation: You are partially covered in large bone
                  | plates. (SH +4) [potion of mutation]
  2917 | D:3      | Reached skill level 5 in Axes
  2929 | D:3      | Found a sparkling altar of Nemelex Xobeh.
  3083 | D:3      | Found a shadowy altar of Dithmenos.
  3166 | D:3      | Noticed Grinder
  3705 | D:4      | Reached XP level 5. HP: 17/41 MP: 5/5
  4099 | D:3      | Mangled by a wight

Illustrated notes

Levels and vault maps discovered:
D:1:      wander_arrival_fairy_ring, layout_basic
D:2:      layout_basic, ebering_ecumenical_altar_ruins, serial_shops, shop
D:3:      layout_basic, cheibrodos_worm_habitat,
          mainiacjoe_overflow_cross_hatched, nemelex_spade_bored_becter,
          nicolae_tso_swordbearing_angel,
          nicolae_dithmenos_through_a_glass_darkly, uniq_grinder
D:4:      layout_loops_ring, minmay_temple_entry_fiery, gup_sewer_entry_glass,
          serial_glass, glass_columns_b, glass_columns_a, due_unseen_surprise,
          feat_on_display, item_on_display_a, minmay_strange_pillars

Skill      XL: |  1  2  3  4 |
---------------+-------------+-----
Axes           | 3 4 5 |  5.4
Fighting       | |  2.0
Throwing       | |  1.7
Dodging        | |  2.6

Action                   |  1- 3 |  4- 6 || total
-------------------------+-------+-------++-------
Melee: War axe           |   113 |    54 ||   167
       Punch             |     2 |       ||     2
  Use: Scroll            |       |     7 ||     7
       Potion            |       |     5 ||     5
Armor: Chain mail        |   128 |    20 ||   148
       Skin              |       |     8 ||     8
Dodge: Dodged            |    75 |    15 ||    90
Block: Other             |       |     3 ||     3
